 Dungeon Crawl Stone Soup version 0.25-a0-185-g6cfeca75b2 (webtiles) character file.

Game seed: 2082871986725174285, levelgen mode: deterministic

65 MisterFreud the Skirmisher (level 3, -1/18 HPs)
             Began as a Felid Artificer on Nov 27, 2019.
             Killed from afar by Sigmund (10 damage)
             ... with a puff of flame
             ... on level 2 of the Dungeon.
             The game lasted 00:03:09 (1971 turns).

MisterFreud the Skirmisher (Felid Artificer)        Turns: 1971, Time: 00:03:10

Health: -1/18      AC:  1    Str:  8    XL:     3   Next: 92%
Magic:  6/6        EV: 18    Int: 13    God:
Gold:   83         SH:  0    Dex: 16    Spells: 2/2 levels left
                                        Lives:  0   Deaths: 0

rFire    . . .     SeeInvis +     - Unarmed
rCold    . . .     Gourm    .   (shield unavailable)
rNeg     . . .     Faith    .   (armour unavailable)
rPois    .         Spirit   .   (helmet unavailable)
rElec    .         Reflect  .   (cloak unavailable)
rCorr    .         Harm     .   (gloves unavailable)
MR       .....                  (boots unavailable)
Stlth    ++........             (no amulet)
HPRegen  0.06/turn              (no ring)
MPRegen  0.10/turn              (no ring)

@: quick
A: very small, no armour, no weapons or thrown items, stealth, claws 1, fangs 3,
see invisible, carnivore, speed 1, shaggy fur 1, slow metabolism 1, sharp paws
a: no special abilities


You were on level 2 of the Dungeon.
You were very full.

You visited 1 branch of the dungeon, and saw 2 of its levels.

You collected 83 gold pieces.

Inventory:

Wands
 a - a wand of flame (14)
 b - a wand of enslavement (15)
 c - a wand of random effects (6)
Potions
 g - a potion of flight
 h - a potion of heal wounds
Comestibles
 d - 5 rations


   Skills:
 + Level 3.8 Fighting
 - Level 2.6 Dodging
 - Level 1.3 Stealth
 - Level 1.0 Unarmed Combat
 - Level 3.2 Evocations


You had 2 spell levels left.
You didn't know any spells.
Your spell library was empty.

Dungeon Overview and Level Annotations

Branches:
Dungeon (2/15)

Altars:
Hepliaklqana
Qazlal
The Shining One

Annotations:
D:2 Sigmund


Innate Abilities, Weirdness & Mutations

You cannot wear armour.
You are incapable of wielding weapons or throwing items.
Your paws allow you to move quietly. (Stealth)
You have sharp claws.
You have razor-sharp teeth.
You have supernaturally acute eyesight. (SInv)
You are carnivorous and can eat meat at any time.
You cover ground quickly.
You are covered in fur. (AC +1)
You have a slow metabolism.
Your sharp claws are effective at attacking unaware monsters.


Message History

Aiming: Random Effects
Press: ? - help, Shift-Dir - straight line, f/p - Sigmund
Aim: Sigmund, wielding a +0 scythe and wearing a +0 leather armour (lightly wounded, fast, slightly transparent) Sigmund seems to slow down.
Evoke which item? (* to show all) (? for menu, Esc to quit)
Aiming: Random Effects
Press: ? - help, Shift-Dir - straight line, f/p - Sigmund
Aim: Sigmund, wielding a +0 scythe and wearing a +0 leather armour (lightly wounded, fast+slow, slightly transparent)
The mass of ice explodes!
The iceblast engulfs Sigmund!!
Sigmund is severely wounded.
You hear a shout!
You hear an angry hiss. x2
Sigmund points at you and mumbles some strange words.
The puff of flame hits you!
Evoke which item? (* to show all) (? for menu, Esc to quit)
Okay, then.
Something unseen opens the door.
Sigmund casts a spell at you. The puff of flame hits you!
Ouch! That really hurt!
You die...

##.#.# #..# #.# .....
##+#.####'#####.# ########.....
..............#.# #............
.P............#.#####....).......
.#'##......(..#.#................
.#.)#.........#.#.@.......(......
.#..#...##..###'#...####'####....
.####..####.†.......# ♣...♣ #
.......# #.....@...##.....#
.......# #.........##♣...♣#
........ #.........# .....
........ ...........####_###
....................# ###
...................... ....
......##'###### ... ###. .. ...


You could see Sigmund (invisible).

Vanquished Creatures
  Terence (D:2)
  2 adders (D:2)
  A dart slug (D:1)
  A leopard gecko (D:1)
  2 bats (D:1)
  2 giant cockroaches (D:1)
  5 goblins
  A hobgoblin (D:1)
  4 kobolds (D:1)
  A ball python (D:2)
  A frilled lizard (D:2)
  A rat (D:1)
22 creatures vanquished.

Notes
Turn   | Place    | Note
-------+----------+-------------------------------------------
     0 | D:1      | MisterFreud the Felid Artificer began the quest for the
                  | Orb.
     0 | D:1      | Reached XP level 1. HP: 9/9 MP: 4/4
   227 | D:1      | Reached XP level 2. HP: 5/13 MP: 5/5
  1332 | D:2      | Noticed Sigmund
  1368 | D:2      | Noticed Terence
  1403 | D:2      | Killed Terence
  1403 | D:2      | Reached XP level 3. HP: 5/17 MP: 6/6
  1654 | D:2      | Found a hazy altar of Hepliaklqana.
  1815 | D:2      | Found a stormy altar of Qazlal.
  1934 | D:2      | Found a glowing golden altar of the Shining One.
  1971 | D:2      | Killed from afar by Sigmund

Levels and vault maps discovered:
D:1:      minmay_arrival_shattered_statue, layout_loops_corners,
          hangedman_decor_opposing, st_stairs_11
D:2:      layout_basic, tso_altar, nicolae_overflow_crystal_walls,
          lemuel_doored_altar, corexii_shack, uniq_natasha, uniq_terence,
          uniq_sigmund

Skill      XL: |  1  2 |
---------------+-------+-----
Fighting       | 2 3 |  3.8
Dodging        | |  2.6
Stealth        | |  1.3
Unarmed Combat | |  1.0
Evocations     | |  3.2

Action                   || total
-------------------------++-------
Melee: Unarmed           ||    81
       Bite              ||     4
       Punch             ||     1
Evoke: Wand              ||    10
  Use: Scroll            ||     5
       Potion            ||     2
 Stab: Paralysed         ||    12
       Sleeping          ||     5
  Eat: Chunk             ||     8
Armor: Skin              ||     2
Dodge: Dodged            ||    71

Table legend:
 A = Non-vault XP
 B = Vault XP
 C = Vault XP percentage of total XP
 D = Non-vault monster count
 E = Vault monster count
 F = Vault count percentage of total count
                 A         B        C        D         E       F
            +---------+---------+-------+---------+---------+-------
      Total |      52 |      41 |  44.1 |      17 |       5 |  22.7
            +---------+---------+-------+---------+---------+-------
        D:1 |      22 |       7 |  24.1 |      12 |       3 |  20.0
        D:2 |      30 |      34 |  53.1 |       5 |       2 |  28.6
            +---------+---------+-------+---------+---------+-------
